cohdb
Replays
Latest Replays
All Replays
Popular Replays
Top Player Replays
Match Explorer
How It Works
Community
CoH3 Stats
Reddit
Sign in to upload your games and track your stats! →
Sign in with Steam
Match 44688962
Unlisted
Match 44688962
Overview
Messages
Build Orders
End
Construct Infanterie Kompanie
Selects Italian Coastal Battlegroup
Selects Coastal Reserves
Coastal Reserve
MG 42 Machine Gun Team
Coastal Reserve
MG 42 Machine Gun Team
Pioneer Squad
Infanterie Officer Quarters
Selects Artillery Officer
Medical Bunker
Artillery Officer
Construct Panzergrenadier Kompanie
Construct Panzer Kompanie
Medical Bunker
Selects Obice da 210/22 Artillery Emplacement
Pak 40 Anti-tank Gun Team
Panzer IV Medium Tank
Stoßtruppen Squad
Panzer IV Medium Tank
Panzer Officer Quarters
Selects Support Bunkers
Selects Designated Artillery Overwatch
Selects Bulwark
Panzer IV Medium Tank
Aegon
Marieddu26 ITA
ManFrau
wojtej123
Lyntune
Anna
0
0
Comments
sign in to comment!
No comments posted yet!